 Dungeon Crawl Stone Soup version 0.17-a0-1403-g9df874c (webtiles) character file.

3545 DarthRa the Prestidigitator (level 9, -3/74 HPs)
             Began as a Deep Dwarf Artificer on June 9, 2015.
             Was a Follower of the Shining One.
             Slain by a spiny frog (17 damage)
             ... on level 1 of the Lair of Beasts on June 21, 2015.
             The game lasted 01:51:53 (9784 turns).

DarthRa the Prestidigitator (Deep Dwarf Artificer)  Turns: 9784, Time: 01:51:53

Health: -3/74      AC: 16    Str: 16    XL:     9   Next: 83%
Magic:  10/10      EV: 12    Int: 12    God:    the Shining One [*.....]
Gold:   387        SH: 12    Dex: 16    Spells: 0 memorised, 8 levels left

rFire  + . .     SeeInvis +     a - +3 hand axe (chop)
rCold  . . .     Clarity  .     h - +3 leather armour "Gamemog" {-Cast rF+ SInv}
rNeg   . . .     SustAt   .     G - +2 shield
rPois  .         Gourm    .     z - +2 helmet
rElec  .         Spirit   .     u - +1 cloak
rCorr  .         Warding  .     (no gloves)
rMut   .         Stasis   .     K - +2 pair of boots
MR     +....     NoCast   +     (no amulet)
Stlth  +.........               (no ring)
                                (no ring)

@: starving, non-regenerating, glowing, somewhat resistant to hostile
enchantments, very unstealthy
A: damage resistance, recharge devices, low mp 1, sense surroundings 2, slow
healing 3, MP-powered wands
a: Device Recharging, Renounce Religion


You were on level 1 of the Lair of Beasts.
You worshipped the Shining One.
The Shining One was aware of your devotion.
You were starving.

You visited 3 branches of the dungeon, and saw 10 of its levels.

You collected 387 gold pieces.

Inventory:

Hand weapons
 a - a +3 hand axe of chopping (weapon)
 b - a +0 hunting sling
 l - a +1 quarterstaff of protection
 T - a +1 antimagic war axe
Missiles
 p - 2 tomahawks of returning
 q - 311 stones
 B - 12 sling bullets
 H - 19 tomahawks (quivered)
Armour
 h - the +3 leather armour "Gamemog" (worn) {-Cast rF+ SInv}
   (You found it on level 7 of the Dungeon)

   It protects you from fire.
   It lets you see invisible.
   It prevents spellcasting.
 m - a cursed +0 pair of gloves
 s - a +0 plate armour
 u - a +1 cloak (worn)
 x - a +2 leather armour of cold resistance
 z - a +2 helmet (worn)
 A - a +0 chain mail
 G - a +2 shield (worn)
 K - a +2 pair of boots (worn)
Magical devices
 c - a wand of flame (27)
 d - a wand of enslavement (10)
 e - a wand of random effects (13)
 f - a wand of heal wounds (3)
 y - a wand of random effects (8)
 M - a wand of frost (30)
Scrolls
 g - 2 scrolls of identify
 w - 3 scrolls of teleportation
 C - 2 scrolls of fog
 F - a scroll of recharging
 J - 4 scrolls of immolation
 R - 2 scrolls of remove curse
 S - a scroll of magic mapping
Potions
 i - 3 potions of resistance
 r - 2 potions of heal wounds
 t - a potion of curing
 D - 2 potions of lignification
 I - a potion of haste {unknown}
 L - a potion of brilliance {unknown}
Comestibles
 k - 5 meat rations
 n - 4 fruits
 v - 5 bread rations


   Skills:
 - Level 2.3 Fighting
   Level 0.8 Short Blades
 * Level 7.8 Axes
 + Level 5.6 Slings
 + Level 7.6 Armour
 - Level 4.1 Dodging
 - Level 1.2 Stealth
 + Level 5.1 Shields
 + Level 8.0 Evocations


You had 8 spell levels left.
You didn't know any spells.

Dungeon Overview and Level Annotations

Branches:
Dungeon (8/15)             Temple (1/1) D:5            Lair (1/8) D:8

Altars:
Ashenzari
Cheibriados
Dithmenos
Elyvilon
Fedhas
Gozag
Kikubaaqudgha
Makhleb
Okawaru
Qazlal
Sif Muna
Trog
Xom
Yredelemnul
Zin
The Shining One


Innate Abilities, Weirdness & Mutations

You are resistant to damage.
You can recharge devices by infusing magical energy.
You passively map the area around you.
You do not heal naturally.
Your magical capacity is low (-10% MP).
You expend magic power (3 MP) to strengthen your wands.


Message History

You hit the wolf.
The wolf is severely wounded.
You hit the spiny frog but do no damage.
The spiny frog is lightly wounded.
The wolf bites you but does no damage.
The spiny frog stings you but does no damage.
The wolf completely misses you.
You hit the wolf but do no damage.
The wolf is severely wounded.
You hit the spiny frog.
The spiny frog is moderately wounded.
The wolf bites you!
* * * LOW HITPOINT WARNING * * *
You block the spiny frog's attack. You block the wolf's attack.
You hit the wolf.
The wolf is almost dead.
You hit the spiny frog.
The spiny frog is heavily wounded.
You block the wolf's attack. The spiny frog stings you!!
You die...

,*
#.....#.P#####......
*,
#.....#.............
,
##...................
,**
#P...................
, ,
##.....#......#......
*,
#.....#......+,.....
,, ,**
#.....#......#, ....*
* , ,#.....#..†F..# ,
.h. ,,
.......####@### , .(
,
.............h......
h, , ,
....................
, ,, ...............
, , .....#####.#...,,
, , * * ,....#,, ,..
.. , .... , , #.,. ,
* *, *,... , ,,, .. ,
, , * , ,,,,


You could see a spiny frog and a wolf.

Vanquished Creatures
  A komodo dragon (D:8)
  A spriggan (D:7)
  2 orc warriors
  A hippogriff (D:7)
  3 wolves (Lair:1)
  A black bear (D:8)
  An ogre (D:8)
  An ice beast (D:7)
  A phantom (D:6)
  3 centaurs
  Blork the orc (D:5)
  A giant frog (D:8)
  2 scorpions
  4 killer bees (D:8)
  A wasp zombie (D:8)
  3 jellies
  A centaur zombie (D:8)
  5 crimson imps
  A giant frog skeleton (D:8)
  2 worker ants
  3 orc priests
  Ijyb (D:2)
  3 hounds
  2 iguanas
  9 orc wizards
  A hound zombie (D:8)
  Robin (D:2)
  6 gnolls
  8 adders
  4 oozes
  An adder zombie (D:6)
  3 worms
  5 giant geckos
  39 orcs
  17 bats
  A bat skeleton (D:5)
  4 giant cockroaches
  20 hobgoblins
  13 jackals
  10 kobolds
  3 quokkas
  5 ball pythons
  A giant gecko zombie (D:6)
  5 giant newts
  13 goblins
  A quokka skeleton (D:7)
  11 rats
  A fungus (D:3)
227 creatures vanquished.

Vanquished Creatures (collateral kills)
  2 orc wizards (D:6)
  2 orcs (D:6)
  A goblin (D:3)
  A quokka (D:6)
6 creatures vanquished.

Vanquished Creatures (others)
  An orc wizard (D:4)
  An orc (D:3)
  A fungus (D:3)
  A plant (D:8)
4 creatures vanquished.

Grand Total: 237 creatures vanquished

Notes
Turn   | Place    | Note
--------------------------------------------------------------
     0 | D:1      | DarthRa the Deep Dwarf Artificer began the quest for the Orb.
     0 | D:1      | Reached XP level 1. HP: 16/16 MP: 3/3
     8 | D:1      | Reached skill level 1 in Fighting
   273 | D:1      | Reached XP level 2. HP: 22/25 MP: 5/5
   528 | D:1      | Reached XP level 3. HP: 19/31 MP: 6/6
   611 | D:1      | You fall through a shaft!
   726 | D:2      | Noticed Ijyb
   749 | D:2      | Killed Ijyb
   919 | D:2      | Reached XP level 4. HP: 15/39 MP: 7/7
   985 | D:2      | Reached skill level 1 in Axes
  1064 | D:2      | Noticed Robin
  1081 | D:2      | Reached skill level 5 in Evocations
  1104 | D:2      | Killed Robin
  1159 | D:2      | Found a shimmering altar of Xom.
  2492 | D:3      | Found a blossoming altar of Fedhas.
  2594 | D:3      | Found a stormy altar of Qazlal.
  2677 | D:3      | Reached XP level 5. HP: 30/45 MP: 8/8
  2962 | D:3      | Reached skill level 1 in Shields
  3384 | D:4      | Reached skill level 1 in Armour
  3384 | D:4      | Reached XP level 6. HP: 24/54 MP: 9/9
  3461 | D:4      | Reached skill level 1 in Slings
  5340 | D:5      | Entered Level 5 of the Dungeon
  5427 | D:5      | Reached XP level 7. HP: 27/61 MP: 9/9
  5761 | D:5      | Found a staircase to the Ecumenical Temple.
  5780 | Temple   | Entered the Ecumenical Temple
  5865 | Temple   | Became a worshipper of the Shining One
  5866 | Temple   | Upgraded the game from 0.17-a0-1322-g2a080e7 to 0.17-a0-1403-g9df874c
  6189 | D:5      | Noticed Blork the orc
  6399 | D:5      | Found a bloodstained altar of Trog.
  6438 | D:5      | Killed Blork the orc
  7027 | D:6      | Was placed under penance by the Shining One
  7214 | D:6      | Reached XP level 8. HP: 24/68 MP: 3/9
  7235 | D:6      | Reached skill level 6 in Evocations
  7311 | D:6      | Reached skill level 5 in Armour
  7673 | D:6      | Was forgiven by the Shining One
  8036 | D:6      | Gained mutation: Your magical capacity is low (-10% MP). [potion of mutation]
  8036 | D:6      | Gained mutation: You expend magic power (3 MP) to strengthen your wands. [potion of mutation]
  8115 | D:7      | Reached skill level 5 in Axes
  8136 | D:7      | Got a bloodstained leather armour
  8342 | D:7      | Found a glowing silver altar of Zin.
  8456 | D:7      | Found a shimmering altar of Xom.
  8488 | D:7      | Reached skill level 7 in Evocations
  8488 | D:7      | Gained mutation: You passively map the area around you. [Deep Dwarf growth]
  8488 | D:7      | Reached XP level 9. HP: 43/74 MP: 3/9
  8685 | D:7      | Identified the +3 leather armour "Gamemog" {-Cast rF+ SInv} (You found it on level 7 of the Dungeon)
  8786 | D:7      | Found a snail-covered altar of Cheibriados.
  9113 | D:8      | Acquired the Shining One's first power
  9213 | D:8      | Reached skill level 5 in Slings
  9432 | D:8      | Noticed a komodo dragon
  9434 | D:8      | Found a staircase to the Lair.
  9451 | D:8      | Killed a komodo dragon
  9663 | Lair:1   | Entered Level 1 of the Lair of Beasts
  9688 | Lair:1   | Noticed a six-headed hydra
  9758 | Lair:1   | Reached skill level 5 in Shields
  9769 | Lair:1   | Reached skill level 8 in Evocations
  9776 | Lair:1   | Noticed a spiny frog
  9784 | Lair:1   | Slain by a spiny frog

Vault maps used:
D:1:      saegor_arrival_simple_b
D:2:      lemuel_statue_altar, uniq_robin, uniq_iyjb
D:3:      nicolae_qazlal_general_emergency, first_bread, fedhas_altar_3
D:4:      hangedman_decor_peaks_small, grunt_ministairs_7
D:5:      lightli_temple_of_fire, temple_pool_b, uniq_blork_the_orc
D:6:      kennysheep_pointless_box
D:7:      zin_scriptorium, cheibrodos_worm_habitat, basic_altar, the_bakery
D:8:      david_lair_shrubbed, hangedman_abyss_or_decor_passed
Temple:   circular_temple_12
Lair:1:   uniq_joseph

Action                   |  1- 3 |  4- 6 |  7- 9 || total
-------------------------+-------+-------+-------++-------
Melee: Short sword       |   113 |       |       ||   113
       Hand axe          |     9 |   381 |    92 ||   482
       War axe           |       |       |   340 ||   340
 Fire: Hunting sling     |       |    53 |   164 ||   217
Throw: Stone             |    22 |    85 |       ||   107
       Tomahawk          |       |    22 |    20 ||    42
 Abil: Device Recharging |       |     1 |     2 ||     3
Evoke: Wand              |     4 |    18 |    20 ||    42
  Use: Scroll            |       |     7 |    13 ||    20
       Potion            |       |       |     9 ||     9
 Stab: Sleeping          |     1 |       |       ||     1
       Distracted        |     1 |       |       ||     1
       Fleeing           |       |       |     1 ||     1
  Eat: Chunk             |       |    13 |    13 ||    26
       Fruit             |       |     2 |       ||     2
